Map: Ruins of Endion

Players

Harstem - Winner!

  • Race: Protoss Protoss

Jim

  • Race: Protoss Protoss

Event: DreamHack Open Tours WCS Spring Championship

VOD

https://www.youtube.com/watch?v=lZbAQ5tEKJs

Description

Time

  • Played on: May 14, 2016, 1:52 p.m.
  • Length: 16:15

All games in this series

Show
View Real Time Build Order
Export as new Build Order

Harstem Protoss - Winner!

Build Orders: Phoenix Opening 

Get SALT Encoding   

  12  0:01  Probe (Chrono Boost)  
  13  0:11  Probe (Chrono Boost)  
  14  0:18  Pylon  
  14  0:22  Probe (Chrono Boost)  
  15  0:37  Probe (Chrono Boost)  
  15  0:38  Gateway  
  16  0:47  Probe (Chrono Boost)  
  16  0:48  Assimilator  
  17  0:55  Assimilator  
  17  0:58  Probe (Chrono Boost)  
  18  1:07  Gateway  
  18  1:08  Probe (Chrono Boost)  
  19  1:19  Probe (Chrono Boost)  
  19  1:25  Cybernetics Core  
  20  1:29  Probe (Chrono Boost)  
  20  1:32  Pylon  
  21  1:40  Probe (Chrono Boost)  
  22  1:50  Probe (Chrono Boost)  
  18  2:01  Stalker (Chrono Boost)  
  23  2:02  Warp Gate (Chrono Boost)  
  23  2:03  Stalker (Chrono Boost)  
  27  2:09  Mothership Core  
  29  2:16  Pylon  
  29  2:30  Sentry (Chrono Boost)  
  33  2:37  Stalker (Chrono Boost)  
  33  2:53  Nexus  
  33  2:56  Sentry (Chrono Boost)  
  35  2:59  Probe  
  36  3:14  Stalker  
  36  3:19  Probe, Pylon  
  38  3:32  Robotics Facility  
  38  3:33  Probe  
  39  3:34  Phoenix  
  39  3:46  Probe (Chrono Boost)  
  40  3:55  Stalker  
  42  3:57  Probe (Chrono Boost), Stalker  
  44  4:07  Probe (Chrono Boost)  
  44  4:09  Probe (Chrono Boost)  
  45  4:16  Twilight Council  
  45  4:18  Probe (Chrono Boost)  
  45  4:19  Sentry  
  45  4:23  Probe (Chrono Boost)  
  49  4:28  Probe (Chrono Boost)  
  50  4:32  Probe (Chrono Boost)  
  50  4:34  Observer (Chrono Boost)  
  52  4:39  Probe (Chrono Boost)  
  52  4:44  Probe (Chrono Boost), Pylon  
  54  4:50  Probe (Chrono Boost)  
  55  4:53  Probe (Chrono Boost)  
  55  4:56  Blink (Chrono Boost)  
  56  5:00  Probe  
  56  5:03  Probe  
  56  5:06  Assimilator  
  58  5:07  Pylon  
  58  5:13  Probe  
  59  5:14  Probe, Stalker x2  
  64  5:24  Probe  
  64  5:25  Probe  
  66  5:35  Probe, Forge  
  66  5:37  Probe  
  68  5:45  Probe  
  68  5:49  Probe  
  70  5:52  Stalker x2  
  70  5:55  Nexus  
  74  5:57  Pylon  
  74  6:02  Probe  
  74  6:03  Pylon  
  75  6:11  Protoss Ground Weapons Level 1 (Chrono Boost)  
  75  6:12  Probe  
  75  6:17  Gateway  
  76  6:19  Assimilator  
  76  6:21  Probe  
  76  6:23  Probe  
  78  6:28  Immortal (Chrono Boost)  
  82  6:32  Zealot  
  82  6:33  Zealot, Probe  
  87  6:40  Charge  
  89  6:48  Gateway  
  89  6:50  Gateway  
  89  6:51  Probe  
  88  6:54  Stalker  
  88  6:55  Probe  
  91  7:03  Probe  
  91  7:07  Probe, Immortal  
  91  7:08  Probe  
  98  7:15  Probe  
  98  7:19  Probe, Templar Archives  
  98  7:21  Gateway  
  98  7:22  Probe  
  100  7:28  Probe  
  102  7:31  Probe, Pylon  
  102  7:32  Probe  
  102  7:33  Assimilator  
  104  7:37  Assimilator  
  104  7:43  Gateway  
  104  7:44  Probe (Chrono Boost)  
  104  7:45  Gateway  
  104  7:49  Immortal  
  104  7:50  Probe (Chrono Boost)  
  110  7:56  Probe (Chrono Boost)  
  110  7:57  Protoss Ground Weapons Level 2 (Chrono Boost)  
  111  7:58  High Templar x2  
  111  8:04  Archon  
  111  8:05  Probe (Chrono Boost)  
  116  8:07  Pylon  
  116  8:10  Pylon  
  116  8:12  Pylon  
  116  8:13  Photon Cannon  
  116  8:18  Psionic Storm  
  116  8:22  Probe (Chrono Boost)  
  116  8:23  Photon Cannon  
  117  8:27  High Templar x2  
  121  8:38  Zealot x3  
  121  8:39  Pylon  
  127  8:43  Immortal (Chrono Boost)  
  127  8:44  Pylon  
  131  8:53  High Templar  
  133  8:56  Probe  
  133  8:58  High Templar  
  133  8:59  Zealot x3  
  133  9:02  Pylon  
  142  9:10  Probe  
  142  9:11  Zealot x3  
  149  9:21  Immortal (Chrono Boost)  
  153  9:31  Pylon  
  153  9:34  Pylon  
  153  9:40  High Templar x2  
  153  9:41  High Templar  
  153  9:42  Nexus  
  153  9:44  Probe, Pylon  
  160  9:48  Pylon  
  160  9:49  Photon Cannon  
  160  9:54  High Templar x2  
  160  9:55  Zealot, Immortal (Chrono Boost)  
  160  9:58  Probe  
  171  10:00  Assimilator, Archon  
  171  10:05  Assimilator  
  171  10:06  Robotics Bay  
  171  10:10  Zealot x2, Photon Cannon  
  175  10:15  Robotics Facility  
  175  10:23  Probe x2  
  175  10:28  Zealot, Stalker x2  
  179  10:29  Stalker  
  185  10:35  Stalker  
  185  10:36  Zealot  
  189  10:43  High Templar x2  
  189  10:48  Archon  
  193  10:55  Protoss Ground Weapons Level 3  
  193  10:57  Probe  
  194  11:13  Disruptor (Chrono Boost)  
  194  11:14  Disruptor (Chrono Boost)  
  194  11:15  Photon Cannon  
  194  11:17  Pylon  
  194  11:18  Photon Cannon  
  198  11:25  Photon Cannon  
  198  11:29  Pylon  
  198  11:35  Nexus  
  198  11:37  Pylon  
  196  11:41  Observer Gravitic Boosters (Chrono Boost)  
  196  11:43  Observer  
  196  11:46  Observer  
  198  12:01  Observer  
  198  12:02  Photon Cannon  
  198  12:03  Photon Cannon  
  198  12:05  Photon Cannon  
  198  12:06  Photon Cannon  
  198  12:08  Pylon  
  178  12:18  Disruptor  
  178  12:22  Zealot x8  
  178  12:23  Disruptor (Chrono Boost)  
  171  12:49  Zealot x8  
  168  12:54  Disruptor (Chrono Boost)  
  168  12:55  Archon x2  
  167  12:59  Disruptor (Chrono Boost)  
  170  13:07  Probe  
  170  13:11  High Templar x4  
  170  13:12  High Templar x4  
  185  13:16  Archon x2  
  185  13:17  Nexus  
  185  13:18  Archon  
  185  13:19  Pylon, Archon  
  187  13:26  Observer (Chrono Boost)  
  186  13:30  Disruptor (Chrono Boost)  
  183  13:43  Nexus  
  183  13:44  Disruptor (Chrono Boost)  
  183  13:46  Pylon  
  183  13:47  Stalker x2  
  183  13:48  Stalker x6  
  187  14:01  Disruptor (Chrono Boost)  
  159  14:10  Zealot x2  
  159  14:11  Zealot x6  
  159  14:16  Observer (Chrono Boost)  
  162  14:18  Probe  
  163  14:32  High Templar x3  
  163  14:33  Zealot x4, Observer (Chrono Boost)  
  163  14:34  Zealot  
  180  14:44  Observer (Chrono Boost)  
  181  14:51  Observer (Chrono Boost)  
  182  15:03  Disruptor (Chrono Boost)  
  182  15:06  Zealot x2  
  182  15:07  Zealot x5  
  181  15:31  Zealot x2  
  181  15:32  Zealot x6  
  183  15:41  Immortal (Chrono Boost), Disruptor (Chrono Boost)  
  183  15:42  Archon  
  147  15:54  Zealot x6  
  136  16:07  Zealot x2  
Show
View Real Time Build Order
Export as new Build Order

Jim Protoss 

Build Orders: Oracle Opening, Phoenix Opening 

Get SALT Encoding   

  12  0:00  Probe (Chrono Boost)  
  13  0:11  Probe (Chrono Boost)  
  14  0:19  Pylon  
  14  0:22  Probe (Chrono Boost)  
  15  0:37  Probe (Chrono Boost), Gateway  
  16  0:43  Assimilator  
  16  0:48  Probe (Chrono Boost)  
  17  0:51  Assimilator  
  17  0:58  Probe (Chrono Boost)  
  17  1:03  Gateway  
  18  1:09  Probe (Chrono Boost)  
  19  1:19  Probe (Chrono Boost)  
  19  1:24  Cybernetics Core  
  20  1:30  Probe (Chrono Boost)  
  20  1:32  Pylon  
  21  1:40  Probe (Chrono Boost)  
  22  1:51  Probe (Chrono Boost)  
  23  2:00  Warp Gate (Chrono Boost), Adept  
  25  2:01  Adept  
  25  2:02  Mothership Core (Chrono Boost)  
  29  2:08  Pylon  
  29  2:20  Probe  
  30  2:27  Stargate  
  30  2:34  Stalker  
  30  2:35  Probe  
  33  2:56  Nexus  
  33  3:01  Probe  
  34  3:09  Oracle (Chrono Boost)  
  37  3:14  Probe  
  36  3:26  Probe  
  35  3:27  Pylon  
  35  3:33  Robotics Facility  
  35  3:39  Probe  
  36  3:48  Phoenix (Chrono Boost)  
  38  3:51  Probe  
  39  4:03  Probe  
  39  4:07  Probe  
  39  4:08  Phoenix (Chrono Boost)  
  43  4:15  Probe  
  44  4:19  Probe  
  44  4:20  Observer (Chrono Boost)  
  44  4:23  Zealot  
  48  4:26  Pylon  
  48  4:27  Probe  
  50  4:31  Probe  
  52  4:40  Probe, Immortal (Chrono Boost)  
  52  4:43  Probe  
  52  4:45  Phoenix  
  56  4:47  Assimilator  
  56  4:52  Probe  
  59  4:55  Pylon  
  59  4:56  Probe  
  60  5:02  Assimilator  
  60  5:04  Probe  
  60  5:07  Pylon  
  61  5:08  Probe, Phoenix  
  64  5:18  Probe  
  65  5:23  Immortal (Chrono Boost)  
  65  5:25  Probe  
  70  5:32  Forge, Phoenix  
  70  5:40  Sentry  
  70  5:41  Zealot  
  76  5:47  Probe x2  
  78  5:57  Pylon  
  78  6:02  Nexus  
  78  6:07  Probe x2  
  80  6:14  Immortal (Chrono Boost)  
  80  6:16  Protoss Ground Weapons Level 1 (Chrono Boost)  
  84  6:19  Probe  
  84  6:20  Probe  
  84  6:23  Phoenix  
  88  6:31  Probe  
  88  6:32  Probe  
  90  6:33  Pylon  
  90  6:38  Twilight Council  
  90  6:44  Probe x2  
  90  6:46  Immortal  
  92  6:53  Phoenix  
  98  6:56  Sentry  
  98  6:58  Probe  
  98  6:59  Probe  
  102  7:02  Assimilator  
  102  7:06  Assimilator  
  102  7:07  Photon Cannon  
  102  7:14  Probe x2  
  104  7:17  Charge (Chrono Boost)  
  104  7:18  Probe  
  105  7:31  Templar Archives  
  105  7:32  Probe x2  
  105  7:33  Probe  
  105  7:35  Immortal  
  108  7:39  Gateway  
  108  7:42  Probe  
  113  7:44  Probe  
  113  7:45  Probe  
  113  7:47  Pylon  
  115  7:52  Protoss Ground Weapons Level 2 (Chrono Boost)  
  115  7:53  Photon Cannon  
  115  7:56  Gateway  
  115  7:59  Phoenix  
  115  8:01  Pylon  
  117  8:09  High Templar x2  
  121  8:13  Gateway  
  121  8:14  Archon  
  121  8:16  Immortal  
  121  8:17  Gateway  
  121  8:24  Phoenix  
  127  8:30  Photon Cannon  
  127  8:39  Fleet Beacon  
  127  8:40  Pylon  
  127  8:52  Gateway  
  127  8:54  Gateway  
  127  8:56  Gateway  
  127  8:59  Immortal, Gateway  
  127  9:02  High Templar x2  
  131  9:05  Phoenix  
  131  9:09  Forge  
  137  9:10  Archon  
  137  9:14  Pylon  
  137  9:15  Pylon  
  137  9:29  Gateway  
  137  9:31  Pylon  
  137  9:33  Pylon  
  143  9:41  Immortal  
  143  9:43  Protoss Shields Level 1 (Chrono Boost)  
  147  9:53  Gateway  
  147  10:05  Pylon  
  147  10:07  High Templar x2  
  147  10:10  Nexus  
  147  10:12  Pylon, Archon  
  147  10:13  High Templar x2  
  155  10:25  Archon  
  155  10:26  Protoss Ground Weapons Level 3 (Chrono Boost)  
  155  10:29  Assimilator  
  155  10:34  Assimilator  
  155  10:35  Zealot x2  
  155  10:36  Zealot x3  
  165  10:51  High Templar x2  
  165  10:52  Zealot, Immortal  
  165  10:55  Archon  
  172  11:10  Pylon  
  172  11:12  Nexus  
  172  11:16  Robotics Facility  
  172  11:17  Pylon  
  171  11:19  Pylon  
  171  11:26  Warp Prism  
  171  11:28  Photon Cannon, Protoss Shields Level 2 (Chrono Boost)  
  171  11:30  Photon Cannon  
  173  11:33  Photon Cannon  
  173  11:38  High Templar x2  
  177  11:45  Assimilator  
  177  11:46  Archon  
  177  11:49  High Templar  
  177  11:50  Assimilator  
  177  11:51  High Templar  
  181  11:55  Photon Cannon x2, Archon  
  181  11:56  Zealot x3  
  181  11:57  Zealot x3  
  164  12:15  Zealot x2  
  164  12:16  Zealot x3  
  164  12:19  Observer  
  164  12:22  Observer  
  172  12:23  Zealot x2, High Templar x2  
  180  12:32  Archon  
  176  12:37  High Templar x2  
  176  12:38  Zealot x5  
  176  12:43  Archon  
  189  12:57  Zealot x3, High Templar x2  
  189  12:59  Warp Prism  
  189  13:04  Archon  
  191  13:10  Immortal  
  191  13:11  Oracle  
  198  13:39  Protoss Ground Armor Level 1 (Chrono Boost), Protoss Shields Level 3 (Chrono Boost)  
  198  13:48  High Templar x2  
  190  13:49  Zealot x3  
  190  13:52  Archon  
  194  14:08  Phoenix  
  164  14:12  Zealot  
  164  14:13  Zealot x3  
  164  14:14  High Templar x2  
  166  14:22  Stargate  
  166  14:23  Archon  
  166  14:29  Immortal, Nexus  
  166  14:31  Pylon  
  166  14:32  Immortal  
  174  14:42  Phoenix  
  176  14:52  Photon Cannon  
  176  14:53  Photon Cannon  
  172  15:04  Zealot  
  172  15:05  Immortal  
  166  15:07  Phoenix  
  166  15:08  Phoenix  
  166  15:11  Immortal, Zealot  
  180  15:19  High Templar  
  180  15:20  Zealot  
  180  15:21  Zealot  
  180  15:24  High Templar  
  157  15:38  Zealot x2  
  157  15:39  Zealot x4  
  156  15:48  Zealot  
  132  15:57  Zealot, High Templar x2  
  120  15:58  High Templar  
  120  16:00  Zealot x2  
  120  16:03  Archon x2  
  116  16:04  Zealot x2  

Tags
 
Add a new tag
Caveats
  • Supply blocks, unpowered buildings, or Contaminate may cause inaccurate times.
  • Supply counts are checked every 10 seconds.